 Dungeon Crawl Stone Soup version 0.23-a0-643-g9ccc95a (webtiles) character file.

305 zishaf the Ruffian (level 6, -1/59 HPs)
             Began as a Troll Hunter on Jan 1, 2019.
             Slain by Dowan
             ... wielding a +0 dagger
              (3 damage)
             ... on level 4 of the Dungeon.
             The game lasted 00:03:49 (2290 turns).

zishaf the Ruffian (Troll Hunter)                   Turns: 2290, Time: 00:03:50

Health: -1/59      AC:  5    Str: 21    XL:     6   Next: 16%
Magic:  5/5        EV: 11    Int:  7    God:
Gold:   124        SH:  0    Dex: 12    Spells: 5/5 levels left

rFire    . . .     SeeInvis .     - Unarmed
rCold    . . .     Gourm    +   (no shield)
rNeg     . . .     Faith    +   b - +0 robe
rPois    .         Spirit   .   (helmet restricted)
rElec    .         Reflect  .   (no cloak)
rCorr    .         Harm     .   (gloves unavailable)
MR       .....                  (boots unavailable)
Stlth    +.........             p - amulet of faith
HPRegen  0.59/turn              (no ring)
MPRegen  0.09/turn              (no ring)

@: no status effects
A: large, unfitting armour, claws 3, fast metabolism 3, gourmand, regeneration
1, shaggy fur 1, tough skin 2
a: no special abilities


You were on level 4 of the Dungeon.
You were completely stuffed.

You visited 1 branch of the dungeon, and saw 4 of its levels.

You collected 124 gold pieces.

Inventory:

Hand Weapons
 a - a +2 hunting sling of flaming
Missiles
 c - 8 large rocks
 d - 2 throwing nets (quivered)
 h - 37 sling bullets
 i - 2 javelins
 k - 132 stones
Armour
 b - a +0 robe (worn)
Jewellery
 p - an amulet of faith (around neck)
Scrolls
 e - 3 scrolls of remove curse {unknown}
 g - 6 scrolls of identify {unknown}
 j - a scroll of immolation {unknown}
 m - 3 scrolls of teleportation {unknown}
 n - 2 scrolls of amnesia {unknown}
 q - a scroll of random uselessness {unknown}
 r - a scroll of fog {unknown}
 u - a scroll of blinking {unknown}
Potions
 l - a potion of curing
 o - a potion of ambrosia {unknown}
 s - 2 potions of haste {unknown}
 v - a potion of berserk rage {unknown}
Comestibles
 f - 3 rations
 t - a chunk of flesh


   Skills:
 + Level 2.9 Fighting
 - Level 3.6 Throwing
 + Level 3.0 Dodging
 - Level 0.3 Stealth
 * Level 4.2 Unarmed Combat


You had 5 spell levels left.
You didn't know any spells.
Your spell library was empty.

Dungeon Overview and Level Annotations

Branches:
Dungeon (4/15)
 Temple: D:4-7

Altars:

Annotations:
D:4 Dowan


Innate Abilities, Weirdness & Mutations

You are too large for most types of armour.
You have claws for hands.
Your metabolism is lightning-fast.
You like to eat raw meat.
Your natural rate of healing is unusually fast.
You are covered in fur. (AC +1)
You have very tough skin. (AC +2)


Message History

You have reached level 6!
Your experience leads to an increase in your attributes!
Increase (S)trength, (I)ntelligence, or (D)exterity?
You feel agile.
You feel stronger.
You scratch Dowan.
Dowan is almost dead.
Dowan hits you but does no damage.
You barely miss Dowan.
Dowan is almost dead.
Dowan closely misses you. Dowan hits you but does no damage.
You scratch Dowan but do no damage.
Dowan is almost dead.
Dowan hits you but does no damage.
You miss Dowan.
Dowan is almost dead.
Dowan casts a spell at you. The stone arrow hits you!
* * * LOW HITPOINT WARNING * * *
Dowan hits you with a +0 dagger.
You die...

### #.#
#.# #@#
#e# #.#
#.# ..#
...#
....#
.....#
......#


You could see Dowan.

Vanquished Creatures
  Duvessa (D:4)
  An orc priest (D:3)
  An iguana (D:2)
  3 gnolls (D:2)
  5 adders
  A dart slug (D:1)
  2 leopard geckos
  3 orcs (D:3)
  14 bats
  5 giant cockroaches
  7 goblins
  7 hobgoblins
  5 kobolds
  A quokka (D:3)
  A ball python (D:2)
  7 frilled lizards
  9 rats
73 creatures vanquished.

Notes
Turn   | Place    | Note
-------+----------+-------------------------------------------
     0 | D:1      | zishaf the Troll Hunter began the quest for the Orb.
     0 | D:1      | Reached XP level 1. HP: 19/19 MP: 0/0
    87 | D:1      | Reached skill level 1 in Unarmed Combat
   127 | D:1      | Reached XP level 2. HP: 28/28 MP: 1/1
   713 | D:2      | Reached XP level 3. HP: 35/35 MP: 2/2
   724 | D:2      | Reached skill level 2 in Unarmed Combat
   801 | D:2      | Reached XP level 4. HP: 36/42 MP: 3/3
  1149 | D:2      | Reached skill level 3 in Unarmed Combat
  1494 | D:2      | Reached XP level 5. HP: 50/50 MP: 4/4
  2262 | D:4      | Noticed Dowan
  2263 | D:4      | Noticed Duvessa
  2286 | D:4      | Killed Duvessa
  2286 | D:4      | Reached skill level 4 in Unarmed Combat
  2286 | D:4      | Reached XP level 6. HP: 8/59 MP: 5/5
  2290 | D:4      | HP: 2/59 [Dowan/stone arrow (9)]
  2290 | D:4      | Slain by Dowan

Vault maps used:
D:1:      mrwooster_arrival_statue_2
D:2:      first_ration
D:4:      grunt_temple_overflow_gold_and_silver, uniq_pikel, uniq_duvessa

Skill      XL: |  1  2  3  4  5 |
---------------+----------------+-----
Unarmed Combat | 1 2 3 4 |  4.2
Fighting       | 2 |  2.9
Dodging        | 2 3 |  3.0
Throwing       | |  3.6
Stealth        | |  0.3

Action                   |  1- 3 |  4- 6 || total
-------------------------+-------+-------++-------
Melee: Unarmed           |    32 |    85 ||   117
 Fire: Hunting sling     |    41 |    65 ||   106
Throw: Large rock        |     2 |       ||     2
 Stab: Sleeping          |       |     1 ||     1
  Eat: Chunk             |    13 |    13 ||    26
Armor: Robe              |    14 |    33 ||    47
Dodge: Dodged            |    11 |    39 ||    50

Table legend:
 A = Non-vault XP
 B = Vault XP
 C = Vault XP percentage of total XP
 D = Non-vault monster count
 E = Vault monster count
 F = Vault count percentage of total count
                 A         B        C        D         E       F
            +---------+---------+-------+---------+---------+-------
      Total |     292 |     145 |  33.2 |      72 |       1 |   1.4
            +---------+---------+-------+---------+---------+-------
        D:1 |      34 |       0 |   0.0 |      21 |       0 |   0.0
        D:2 |     170 |       0 |   0.0 |      30 |       0 |   0.0
        D:3 |      88 |       0 |   0.0 |      21 |       0 |   0.0
        D:4 |       0 |     145 | 100.0 |       0 |       1 | 100.0
            +---------+---------+-------+---------+---------+-------
